Map: Línea Aguablanca EE

Players

Bengu

  • Race: Terran Terran
  • Spawn Location: 1:00

FatThor

  • Race: Terran Terran
  • League: Gold
  • Spawn Location: 12:00

krass

  • Race: Protoss Protoss
  • Spawn Location: 1:00

TATORREA - Winner!

  • Race: Protoss Protoss
  • League: Gold
  • Spawn Location: 6:00

MrFercho - Winner!

  • Race: Zerg Zerg
  • League: Gold
  • Spawn Location: 7:00

tigro - Winner!

  • Race: Terran Terran
  • League: Bronze
  • Spawn Location: 7:00

VOD

Have the link to the VOD?

Description

Time

  • Played on: Aug. 19, 2020, 8:43 p.m.
  • Length: 13:56
Show
View Real Time Build Order
Export as new Build Order

Bengu Terran 

Build Orders: Mech 

Get SALT Encoding   

  12  0:03  SCV  
  13  0:17  Supply Depot  
  13  0:20  SCV  
  14  0:28  Refinery  
  14  0:41  Barracks  
  14  0:43  SCV  
  15  0:56  SCV  
  16  1:07  Refinery  
  16  1:08  SCV  
  17  1:20  SCV  
  18  1:31  Factory  
  18  1:32  SCV  
  19  1:46  Barracks Tech Lab  
  19  1:48  SCV  
  20  2:00  SCV  
  22  2:12  SCV  
  22  2:30  Barracks Reactor  
  22  2:44  Orbital Command  
  22  2:49  Supply Depot  
  22  2:50  Command Center  
  22  3:10  Siege Tank  
  22  3:11  Supply Depot, Starport  
  25  3:25  SCV  
  26  3:33  Marine x2  
  28  3:37  SCV  
  29  3:49  SCV  
  30  4:01  SCV  
  31  4:04  SCV  
  31  4:08  Refinery  
  32  4:13  SCV  
  32  4:16  SCV  
  34  4:25  SCV  
  34  4:27  Barracks Reactor, Armory  
  34  4:28  SCV  
  36  4:38  SCV  
  37  4:40  SCV  
  37  4:43  Siege Tank  
  41  4:50  SCV  
  41  4:52  SCV  
  43  4:55  Refinery  
  43  5:02  SCV  
  43  5:04  SCV, Marine x2  
  47  5:11  Viking  
  49  5:14  SCV  
  49  5:15  Engineering Bay  
  49  5:16  SCV  
  51  5:28  SCV  
  51  5:32  Terran Vehicle Weapons Level 1  
  52  5:41  Fusion Core  
  52  5:54  SCV  
  53  5:58  Command Center  
  53  6:07  SCV  
  54  6:13  Supply Depot  
  54  6:34  Viking x2, SCV  
  54  6:35  Supply Depot  
  59  6:46  SCV  
  60  6:58  SCV, Supply Depot  
  61  7:04  Factory  
  61  7:06  Starport  
  61  7:12  Orbital Command  
  61  7:18  Refinery  
  61  7:20  Supply Depot  
  60  7:43  Viking, Starport  
  60  7:44  Viking, Supply Depot  
  64  7:49  Factory  
  60  8:07  Supply Depot  
  60  8:13  Viking  
  60  8:14  Viking  
  60  8:22  Starport  
  60  8:30  Supply Depot  
  60  8:34  Factory  
  58  8:43  Viking x2  
  62  9:12  Factory Tech Lab  
  62  9:13  Viking  
  62  9:15  Factory Tech Lab  
  64  9:18  Starport Reactor  
  64  9:22  Starport Reactor  
  64  9:36  Command Center  
  64  9:39  Terran Infantry Weapons Level 1  
  64  9:40  Terran Vehicle Weapons Level 2  
  64  9:51  Siege Tank  
  67  9:53  Viking x2  
  67  9:56  Marine x2  
  73  10:02  Starport Reactor  
  73  10:14  Marine x2  
  73  10:15  Missile Turret  
  75  10:23  Viking x2, Siege Tank  
  82  10:32  Marine x2  
  84  10:45  Factory Tech Lab  
  84  10:46  Viking x3  
  84  10:47  Viking x3  
  84  10:49  Marine  
  96  10:50  Marine  
  96  10:51  Refinery  
  96  10:53  Viking x2  
  96  10:55  Refinery, Siege Tank  
  105  11:09  Thor  
  111  11:16  Viking  
  113  11:18  SCV  
  113  11:23  Viking  
  116  11:27  Siege Tank  
  116  11:31  SCV  
  120  11:34  Terran Infantry Armor Level 1  
  120  11:43  SCV  
  113  11:57  Terran Vehicle And Ship Armor Level 1  
  113  11:59  Siege Tank  
  64  12:40  Command Center  
  64  12:49  Viking x2  
  64  12:50  Viking x4  
  54  13:19  Viking x2  
  55  13:20  Viking x3  
Show
View Real Time Build Order
Export as new Build Order

FatThor Terran 

Build Orders:  

Get SALT Encoding   

  12  0:01  SCV  
  13  0:14  SCV  
  14  0:19  Supply Depot  
  14  0:24  Refinery  
  14  0:29  SCV  
  15  0:43  SCV  
  15  0:47  Barracks  
  16  0:55  SCV  
  17  0:59  Refinery  
  17  1:07  SCV  
  18  1:19  SCV  
  19  1:39  Marine  
  19  1:44  Factory  
  19  1:45  SCV  
  21  2:00  Marine  
  22  2:20  Command Center  
  22  2:21  Marine  
  23  2:29  Supply Depot  
  23  2:47  SCV  
  23  3:01  Starport  
  23  3:02  Hellion, Bunker  
  25  3:14  Orbital Command  
  25  3:29  Barracks Reactor, Hellion  
  27  3:35  SCV  
  28  3:41  SCV  
  28  3:45  Medivac  
  31  3:51  Hellion  
  33  3:59  Engineering Bay  
  33  4:21  Barracks Tech Lab  
  33  4:29  Hellion x2  
  33  4:30  SCV  
  38  4:35  Missile Turret  
  38  4:37  SCV  
  39  4:42  SCV  
  39  4:44  Factory  
  40  4:47  Marine  
  40  4:50  Stimpack  
  41  5:05  Starport Reactor  
  41  5:06  SCV  
  42  5:13  Hellion  
  42  5:14  Hellion  
  46  5:21  Supply Depot  
  46  5:23  Supply Depot  
  46  5:35  Supply Depot  
  46  5:43  SCV, Marine  
  48  5:55  SCV  
  47  6:00  Marine  
  44  6:18  Marine  
  44  6:23  Factory Tech Lab  
  43  6:27  Hellion x2  
  43  6:28  Liberator  
  43  6:30  SCV  
  51  6:33  SCV  
  52  6:45  SCV x2  
  54  6:49  Infernal Pre-Igniter  
  54  6:52  Cyclone, Command Center  
  57  6:57  SCV  
  57  7:00  Hellion x2  
  62  7:03  SCV  
  63  7:10  SCV  
  63  7:11  Combat Shield  
  64  7:15  SCV  
  65  7:27  SCV  
  64  7:42  Hellion x2  
  64  7:43  Cyclone  
  51  8:34  Hellion x2, Cyclone  
  51  8:37  Liberator x2  
  47  9:00  Bunker  
  47  9:12  Hellion, Cyclone  
  47  9:13  Hellion  
  47  9:14  SCV  
  55  9:18  Orbital Command  
  55  9:19  SCV  
  56  9:31  SCV  
  56  9:36  Mag-Field Accelerator  
  57  9:45  SCV  
  58  9:47  SCV  
  58  9:50  Planetary Fortress  
  59  9:53  Hellion  
  59  9:54  Hellion, Cyclone  
  59  9:57  SCV  
  59  9:59  SCV  
  68  10:00  Factory  
  68  10:09  SCV  
  66  10:29  Viking  
  68  10:36  Hellion x2, Cyclone  
  68  10:39  SCV  
  77  10:50  SCV  
  77  10:53  Sensor Tower  
  77  11:00  Supply Depot x2  
  77  11:02  Supply Depot  
  77  11:21  SCV, Cyclone  
  77  11:22  Hellion x2  
  85  11:31  Factory Tech Lab  
  77  12:02  Cyclone  
  69  12:34  Cyclone  
  69  12:35  Hi-Sec Auto Tracking  
  72  12:42  Hellion  
  72  12:43  Hellion, Cyclone  
  65  13:06  Cyclone  
Show
View Real Time Build Order
Export as new Build Order

krass Protoss 

Build Orders: Dark Templar Rush 

Get SALT Encoding   

  12  0:02  Probe  
  13  0:18  Pylon  
  13  0:22  Assimilator  
  13  0:35  Probe  
  14  0:45  Gateway  
  14  0:47  Probe  
  15  0:59  Probe  
  16  1:11  Probe  
  16  1:14  Forge  
  17  1:23  Probe  
  18  1:31  Pylon  
  18  1:40  Cybernetics Core  
  18  1:54  Pylon  
  18  1:58  Probe, Assimilator  
  19  2:10  Probe  
  20  2:16  Warp Gate (Chrono Boost), Gateway  
  20  2:31  Twilight Council  
  20  2:40  Photon Cannon  
  20  2:52  Probe  
  21  3:01  Robotics Facility  
  21  3:14  Dark Shrine  
  21  3:46  Pylon  
  21  3:50  Warp Prism  
  23  3:56  Pylon  
  23  4:06  Gateway  
  23  4:22  Stargate  
  23  4:34  Dark Templar  
  25  4:40  Dark Templar  
  25  6:03  Nexus  
  21  6:27  Pylon  
  21  6:34  Assimilator  
  21  6:49  Stargate  
  21  6:56  Stargate  
  21  7:00  Stargate  
  21  7:10  Pylon  
  20  7:17  Probe  
  21  7:29  Probe  
  22  7:37  Pylon  
  22  7:40  Pylon  
  22  7:41  Probe  
  23  7:45  Pylon  
  23  7:53  Probe  
  23  7:56  Photon Cannon  
  24  8:05  Probe  
  24  8:18  Dark Templar  
  21  8:45  Dark Templar  
  21  8:46  Dark Templar  
  19  8:55  Probe (Chrono Boost)  
  19  9:01  Probe (Chrono Boost)  
  21  9:12  Probe x2 (Chrono Boost)  
  21  9:14  Void Ray  
  21  9:15  Void Ray x2  
  21  9:16  Void Ray  
  38  9:17  Probe (Chrono Boost)  
  38  9:18  Probe  
  40  9:28  Probe  
  40  9:30  Probe  
  42  9:40  Probe  
  42  9:43  Probe  
  44  9:47  Assimilator  
  44  9:55  Probe x2  
  47  10:07  Probe x2  
  47  10:10  Void Ray x2  
  56  10:19  Probe x2  
  58  10:31  Probe  
  59  10:45  Probe (Chrono Boost)  
  59  10:47  Probe (Chrono Boost)  
  61  10:56  Probe (Chrono Boost)  
  61  10:57  Photon Cannon  
  62  11:00  Photon Cannon  
  62  11:01  Probe (Chrono Boost)  
  63  11:07  Photon Cannon  
  63  11:11  Pylon  
  63  11:12  Probe  
  63  11:18  Shield Battery  
  64  11:30  Shield Battery  
  64  11:35  Photon Cannon  
  64  11:43  Photon Cannon  
  64  11:48  Photon Cannon  
  64  11:56  Photon Cannon  
  64  12:08  Photon Cannon  
  64  12:16  Void Ray x2  
  64  12:17  Void Ray  
  76  12:56  Photon Cannon  
  76  13:11  Void Ray x2  
Show
View Real Time Build Order
Export as new Build Order

TATORREA Protoss - Winner!

Build Orders:  

Get SALT Encoding   

  12  0:02  Probe  
  13  0:14  Probe  
  14  0:25  Pylon  
  14  0:26  Probe  
  15  0:43  Probe  
  16  0:50  Gateway  
  16  0:55  Probe  
  17  1:07  Probe  
  18  1:18  Gateway  
  18  1:22  Probe  
  19  1:30  Assimilator  
  19  1:31  Assimilator  
  19  1:32  Pylon  
  19  1:33  Pylon  
  19  1:35  Probe  
  20  1:47  Probe  
  20  1:59  Probe  
  21  2:04  Cybernetics Core  
  21  2:11  Probe  
  22  2:18  Forge  
  22  2:23  Probe  
  23  2:46  Twilight Council  
  23  2:48  Gateway  
  23  2:50  Protoss Ground Weapons Level 1 (Chrono Boost)  
  23  3:07  Nexus  
  23  3:13  Pylon  
  23  3:15  Resonating Glaives (Chrono Boost)  
  23  3:18  Pylon  
  23  3:29  Warp Gate  
  23  3:36  Adept  
  23  3:40  Adept  
  27  3:46  Adept  
  29  4:06  Adept  
  31  4:10  Adept  
  31  4:16  Adept  
  35  4:18  Probe  
  35  4:19  Probe  
  37  4:30  Probe  
  38  4:31  Probe  
  38  4:36  Adept  
  41  4:40  Adept  
  41  4:43  Probe  
  41  4:44  Probe  
  45  4:46  Adept  
  47  4:52  Protoss Ground Weapons Level 2 (Chrono Boost)  
  47  4:55  Probe  
  47  4:56  Probe  
  49  5:07  Probe  
  49  5:08  Probe  
  51  5:16  Blink  
  51  5:19  Probe  
  51  5:20  Probe  
  53  5:31  Probe  
  53  5:32  Probe  
  52  5:43  Probe  
  52  5:44  Probe  
  49  5:56  Probe (Chrono Boost)  
  51  5:57  Probe (Chrono Boost)  
  51  6:06  Probe x2 (Chrono Boost)  
  53  6:28  Probe x2  
  55  6:38  Assimilator  
  55  6:39  Assimilator  
  55  6:40  Probe x2  
  57  6:52  Probe x2  
  59  7:04  Probe x2  
  61  7:15  Pylon  
  61  7:17  Pylon  
  61  7:19  Gateway  
  61  7:21  Gateway  
  61  7:39  Nexus  
  61  7:41  Pylon  
  61  7:43  Pylon  
  61  7:47  Pylon  
  47  8:08  Gateway  
  46  8:12  Probe  
  46  8:13  Probe, Robotics Facility  
  46  8:17  Stalker x3  
  46  8:18  Stalker  
  53  8:25  Probe x2  
  55  8:34  Protoss Ground Weapons Level 3 (Chrono Boost)  
  55  8:35  Stalker  
  55  8:37  Probe x2  
  59  8:49  Probe  
  60  9:01  Gateway  
  60  9:03  Gateway  
  60  9:05  Stalker, Gateway  
  60  9:07  Stalker, Gateway  
  60  9:09  Gateway  
  64  9:14  Probe x2  
  64  9:15  Probe  
  67  9:18  Charge (Chrono Boost)  
  67  9:27  Probe x2  
  67  9:28  Probe  
  67  9:29  Gateway  
  70  9:31  Gateway  
  70  9:33  Gateway  
  70  9:36  Gateway  
  70  9:38  Gateway  
  70  9:39  Probe x2, Gateway  
  70  9:40  Probe  
  70  9:41  Stalker  
  70  9:42  Stalker x2, Gateway  
  70  9:44  Stalker  
  70  9:45  Gateway  
  81  9:46  Gateway  
  81  9:47  Stalker  
  81  9:50  Stalker  
  81  9:51  Probe  
  81  9:52  Probe x2  
  88  10:03  Probe  
  88  10:04  Probe x2  
  88  10:06  Assimilator  
  91  10:08  Assimilator  
  91  10:37  Stalker  
  91  10:38  Stalker x5  
  91  10:39  Pylon  
  103  10:43  Pylon  
  103  10:50  Templar Archives  
  103  10:52  Nexus  
  103  10:54  Pylon x2  
  103  10:58  Pylon  
  103  11:00  Stalker x2, Pylon  
  103  11:01  Stalker  
  109  11:04  Stalker  
  109  11:07  Stalker  
  113  11:16  Protoss Shields Level 1 (Chrono Boost)  
  113  11:24  Stalker  
  113  11:25  Stalker x3  
  119  11:27  Stalker  
  119  11:31  Stalker  
  125  11:35  Assimilator  
  125  11:38  Assimilator  
  125  11:39  Probe x3  
  128  11:45  Stalker x3  
  134  12:02  Stalker x2  
  134  12:03  Stalker x3  
  134  12:04  Stalker  
  144  12:26  Stalker x2  
  144  12:27  Stalker x5  
  144  12:28  Stalker  
  160  12:38  Stalker  
  160  12:39  Stalker x4  
  122  13:32  Stalker x2  
  122  13:33  Stalker x4  
  122  13:34  Stalker x5  
  136  13:35  Stalker x4  
  136  13:36  Stalker x2  
  136  13:37  Stalker x3  
Show
View Real Time Build Order
Export as new Build Order

MrFercho Zerg - Winner!

Build Orders: Hatch First 

Get SALT Encoding   

  12  0:00  Drone  
  13  0:17  Overlord  
  13  0:18  Drone  
  14  0:35  Drone x2  
  16  1:00  Hatchery, Drone  
  16  1:01  Drone x2  
  18  1:16  Extractor  
  17  1:20  Spawning Pool  
  17  1:21  Drone  
  17  1:26  Drone  
  18  1:33  Drone  
  19  1:49  Drone  
  20  1:55  Overlord  
  20  2:07  Queen  
  22  2:13  Queen  
  22  2:15  Zergling x4  
  26  2:18  Drone  
  27  2:23  Metabolic Boost  
  27  2:26  Drone  
  27  2:27  Drone  
  29  2:40  Overlord  
  29  2:41  Drone  
  30  2:44  Drone  
  31  3:02  Drone x3  
  31  3:03  Evolution Chamber, Queen  
  35  3:10  Lair  
  35  3:11  Drone  
  35  3:12  Drone  
  37  3:23  Overlord x2  
  37  3:25  Drone x2  
  39  3:32  Drone x3  
  42  3:38  Zerg Melee Weapons Level 1  
  42  3:39  Drone  
  43  3:50  Drone x3  
  46  4:10  Hatchery  
  46  4:11  Extractor  
  46  4:12  Extractor  
  43  4:17  Roach Warren  
  43  4:21  Queen  
  44  4:27  Drone  
  44  4:28  Drone x3  
  44  4:29  Drone x3  
  51  4:45  Nydus Network  
  50  4:54  Drone  
  50  4:59  Glial Reconstitution  
  51  5:01  Roach x2  
  51  5:02  Overlord  
  51  5:03  Overlord x2  
  51  5:04  Zergling x10  
  60  5:29  Roach x9  
  63  5:59  Overseer  
  52  6:20  Drone x10  
  52  6:21  Drone x4  
  66  6:27  Zerg Missile Weapons Level 1  
  66  6:39  Zergling x12  
  72  6:44  Queen  
  72  6:46  Drone x2  
  76  6:52  Ravager x4  
  76  6:53  Ravager  
  81  6:58  Zergling x10  
  86  7:14  Drone  
  87  7:16  Spore Crawler x2  
  87  7:17  Drone  
  86  7:26  Queen  
  88  7:42  Nydus Canal  
  56  8:45  Roach x12  
  56  8:46  Roach x2  
  56  8:48  Overlord x4  
  78  8:50  Zerg Missile Weapons Level 2  
  71  8:57  Queen, Hydralisk Den  
  72  9:10  Zergling x14  
  79  9:22  Drone  
  79  9:23  Drone x4  
  84  9:26  Extractor  
  83  9:31  Hydralisk  
  83  9:32  Hydralisk  
  83  9:35  Overlord  
  87  9:48  Drone x2  
  87  9:49  Drone x3  
  92  9:55  Muscular Augments  
  92  9:56  Hydralisk x6  
  101  10:27  Spore Crawler  
  99  10:38  Spore Crawler  
  99  10:42  Hydralisk x8  
  114  10:58  Drone x3  
  118  11:04  Zergling x10  
  118  11:05  Overlord  
  118  11:06  Overlord x4, Grooved Spines  
  122  11:28  Nydus Canal  
  122  11:42  Spire  
  51  12:17  Zergling x2  
  51  12:18  Zergling x34  
  62  12:32  Drone x4  
  62  12:33  Queen  
  68  12:57  Nydus Canal  
  68  13:07  Hydralisk x8  
  68  13:08  Hydralisk x4  
  92  13:21  Hatchery, Extractor x2  
  89  13:28  Lurker Den  
Show
View Real Time Build Order
Export as new Build Order

tigro Terran - Winner!

Build Orders:  

Get SALT Encoding   

  12  0:13  SCV  
  13  0:24  Supply Depot  
  13  0:25  SCV  
  14  0:37  SCV  
  15  0:47  Supply Depot  
  15  0:49  SCV  
  16  0:50  Barracks  
  16  1:00  Refinery  
  16  1:02  SCV  
  17  1:14  SCV  
  18  1:26  SCV  
  18  1:30  Refinery  
  19  1:38  SCV, Marine  
  21  1:54  SCV  
  21  1:55  Marine  
  23  2:07  SCV  
  24  2:13  Marine  
  25  2:15  Factory  
  25  2:19  SCV  
  26  2:31  SCV, Marine  
  26  2:33  Engineering Bay  
  28  2:49  Marine  
  29  2:56  Orbital Command  
  29  3:03  Factory Tech Lab  
  29  3:23  Command Center  
  29  3:28  Missile Turret  
  29  3:33  Barracks Tech Lab  
  29  3:40  Siege Tank  
  32  3:43  Terran Infantry Weapons Level 1  
  32  3:52  Combat Shield  
  32  4:02  Missile Turret  
  32  4:19  Marine  
  33  4:33  Refinery  
  33  4:36  SCV  
  33  4:37  Refinery, Marine  
  35  4:48  SCV  
  36  4:54  Marine  
  36  4:58  Siege Tank  
  40  5:00  SCV  
  41  5:11  Stimpack  
  41  5:12  SCV, Marine  
  43  5:17  Starport  
  43  5:24  SCV  
  44  5:30  Marine  
  45  5:36  SCV  
  45  5:38  Terran Infantry Armor Level 1  
  46  5:48  SCV, Marine  
  48  6:00  SCV  
  49  6:06  Marine  
  50  6:48  Medivac  
  50  6:52  Missile Turret  
  52  7:04  SCV  
  53  7:14  Missile Turret  
  53  7:16  SCV  
  54  7:25  Starport Tech Lab  
  54  7:28  SCV  
  55  7:32  Hi-Sec Auto Tracking  
  55  7:35  Missile Turret  
  55  7:40  SCV  
  56  7:53  SCV  
  56  7:57  Missile Turret, Marine  
  58  8:15  Marine  
  59  8:29  Neosteel Armor  
  59  8:33  Marine  
  52  8:50  Marine  
  49  9:08  Marine  
  50  9:15  Cyclone  
  53  9:26  Marine  
  54  9:35  Armory  
  54  9:44  Marine  
  55  9:47  Cyclone  
  55  9:51  Supply Depot  
  58  10:02  Marine  
  59  10:14  Supply Depot  
  59  10:19  Marine  
  59  10:20  Cyclone  
  63  10:36  Missile Turret  
  63  10:37  Marine  
  64  10:46  Terran Infantry Weapons Level 2  
  64  10:52  Cyclone  
  64  10:55  Marine  
  68  10:58  Terran Vehicle Weapons Level 1, Fusion Core  
  68  11:00  Missile Turret  
  68  11:13  Marine  
  69  11:21  Missile Turret  
  69  11:24  Cyclone  
  72  11:31  Marine  
  64  11:36  Missile Turret  
  59  11:49  Marine  
  60  11:56  Cyclone, Missile Turret  
  63  12:02  Barracks  
  63  12:06  Marine  
  61  12:19  Missile Turret  
  53  12:24  Marine  
  54  12:41  Medivac, Missile Turret  
  54  12:42  Marine  
  57  13:00  Marine  
  57  13:03  Missile Turret  
  58  13:06  Marine  
  58  13:09  Thor  
  71  13:18  Marine  
  72  13:24  Marine  
  73  13:34  Command Center  
  73  13:35  Marine  
Tags
 
Add a new tag
Caveats
  • Supply blocks, unpowered buildings, or Contaminate may cause inaccurate times.
  • Supply counts are checked every 10 seconds.